 Dungeon Crawl Stone Soup version 0.28-a0-429-g1448048 (webtiles) character file.

Game seed: 16709664499965538943

69205 Sixotanaka the Gelid (level 15, -2/126 HPs)
             Began as a Merfolk Ice Elementalist on Sept 10, 2021.
             Was a High Priest of Vehumet.
             Slain by an ice devil (21 damage)
             ... summoned by Frances
             ... on level 14 of the Dungeon.
             The game lasted 01:08:11 (28357 turns).

Sixotanaka the Gelid (Merfolk Ice Elementalist)    Turns: 28357, Time: 01:08:12

Health: -2/126     AC: 20    Str: 13    XL:     15   Next: 29%
Magic:  5/22       EV: 18    Int: 14    God:    Vehumet [*****.]
Gold:   1283       SH:  5    Dex: 16    Spells: 10/24 levels left

rFire   + + +      SeeInvis .   b - +0 trident
rCold   . . .      Faith    .   r - +0 buckler
rNeg    + . .      Spirit   .   v - +1 leather armour "Baruiluh" {rC+ rN+ Regen+ Int-4}
rPois   .          Reflect  .   G - +0 helmet
rElec   .          Harm     .   (no cloak)
rCorr   .          Rampage  .   i - +0 pair of gloves
Will    ++...                   R - +2 pair of boots "Ranippio" {rF+++ rC- Regen+ Stlth+}
Stlth   +++.......              j - amulet of the acrobat
HPRegen 2.31/turn               C - +4 ring of protection
MPRegen 0.18/turn               E - ring of Plog {rF+ Will+ Str+3}

@: mighty, ice-armoured, spiked
A: (nimble swimmer 2), mertail
a: Renounce Religion


You were on level 14 of the Dungeon.
You worshipped Vehumet.
Vehumet was extremely pleased with you.
You visited 4 branches of the dungeon, and saw 22 of its levels.
You also visited: Sewer.

You collected 1283 gold pieces.

Inventory:

Hand Weapons
 a - a +1 flail of protection
 b - a +0 trident (weapon)
Missiles
 y - 2 throwing nets
Armour
 i - a +0 pair of gloves (worn)
 l - a +3 leather armour of poison resistance
 r - a +0 buckler (worn)
 v - the +1 leather armour "Baruiluh" (worn) {rC+ rN+ Regen+ Int-4}
   (You found it on level 4 of the Dungeon)

   Int:       It affects your intelligence (-4).
   rC:        It protects you from cold.
   rN:        It protects you from negative energy.
   Regen:     It increases your rate of health regeneration.
 G - a +0 helmet (worn)
 J - a +0 pair of boots
 R - the +2 pair of boots "Ranippio" (worn) {rF+++ rC- Regen+ Stlth+}
   (You acquired it on level 3 of the Lair of Beasts)

   rF:        It renders you almost immune to fire.
   rC:        It makes you vulnerable to cold.
   Regen:     It increases your rate of health regeneration.
   Stlth:     It makes you more stealthy.
Jewellery
 j - an amulet of the acrobat (around neck)
 C - a +4 ring of protection (left hand)
 E - the ring of Plog (right hand) {rF+ Will+ Str+3}
   (You acquired it on level 3 of the Lair of Beasts)

   [ring of willpower]

   Str:       It affects your strength (+3).
   rF:        It protects you from fire.
   Will:      It increases your willpower.
 K - a ring of wizardry
 L - an amulet of guardian spirit
 N - a ring of protection from fire
 T - an amulet of reflection
Wands
 d - a wand of flame (48)
 h - a wand of digging (11)
 n - a wand of charming (9)
 o - a wand of iceblast (8)
 q - a wand of polymorph (32)
 P - a wand of acid (4)
Scrolls
 c - 3 scrolls of amnesia
 e - 6 scrolls of teleportation
 f - 4 scrolls of immolation
 g - a scroll of magic mapping
 k - 3 scrolls of vulnerability
 p - 5 scrolls of fog
 t - a scroll of enchant weapon {unknown}
 w - a scroll of torment {unknown}
 D - 4 scrolls of enchant armour
 H - 4 scrolls of silence
 O - 2 scrolls of summoning
Potions
 m - 2 potions of lignification
 s - 5 potions of flight
 u - a potion of cancellation {unknown}
 x - 5 potions of curing
 z - 3 potions of invisibility
 A - 3 potions of ambrosia
 B - 3 potions of might
 F - 3 potions of mutation
 I - 3 potions of attraction
 M - a potion of degeneration {unknown}
 Q - 4 potions of brilliance
 S - 3 potions of magic


   Skills:
 - Level 14.0 Fighting
 - Level 14.0 Polearms
 - Level 5.0 Armour
 - Level 12.0 Dodging
 - Level 2.1 Stealth
 - Level 4.0 Shields
 + Level 5.2 Spellcasting
 - Level 8.0 Conjurations
 - Level 15.0 Ice Magic


You had 10 spell levels left.
You knew the following spells:

 Your Spells              Type           Power      Damage    Failure   Level
a - Freeze                Ice            100%       1d11      1%          1
b - Frozen Ramparts       Ice            90%        1d11      1%          3
c - Ozocubu's Armour      Ice            45%        N/A       1%          3
d - Hailstorm             Conj/Ice       35%        3d9       1%          4
e - Mephitic Cloud        Conj/Pois/Air  11%        N/A       6%          3

Your spell library contained the following spells:

 Spells                   Type           Power      Damage    Failure   Level
 Starburst                Conj/Fire      7%         6d4       80%         6
 Ensorcelled Hibernation  Hex/Ice        48%        N/A       1%          2
 Passwall                 Tmut/Erth      2%         N/A       32%         2
 Gell's Gravitas          Tloc           1%         N/A       54%         3
 Lesser Beckoning         Tloc           3%         N/A       54%         3
 Swiftness                Air            3%         N/A       54%         3
 Teleport Other           Tloc           3%         N/A       54%         3
 Tukima's Dance           Hex            3%         N/A       54%         3
 Invisibility             Hex            1%         N/A       100%        6


Dungeon Overview and Level Annotations

Branches:
Dungeon (14/15)            Temple (1/1) D:6            Lair (6/6) D:8
 Shoals (0/4) Lair:4        Snake (0/4) Lair:2        Slime (0/5) Lair:6
    Orc (1/2) D:11         Vaults (0/5) D:13          Sewer (visited)

Altars:
Ashenzari
Cheibriados
Elyvilon
Fedhas
Gozag
Hepliaklqana
Kikubaaqudgha
Makhleb
Nemelex Xobeh
Okawaru
Qazlal
Ru
Sif Muna
Trog
Uskayaw
Vehumet
Wu Jian
Xom
Yredelemnul
Zin
The Shining One
Jiyva

Shops:
D:4 (   D:6 (   D:8 *

Annotations:
D:4 Grinder
D:13 3 runed translucent doors, porkupine's ghost, journeyman DrAK
D:14 Frances
Lair:6 2 runed translucent doors


Innate Abilities, Weirdness & Mutations

((You are quick and stealthy near water. (Stealth+, EV+, Speed+++)))
Your lower body shifts to a powerful aquatic tail in water.


Message History

The wall freezes the sun demon!
You completely miss Frances.
Frances is heavily wounded.
The wall freezes Frances!
Frances hits you with a +0 long sword.
The ice devil completely resists.
The wall freezes the ice devil but does no damage.
The ice devil barely misses you.
You puncture Frances!
Frances is severely wounded.
The frozen ramparts melt away.
You block Frances's attack.
You closely miss Frances.
Frances is severely wounded.
You block the ice devil's attack. Frances hits you but does no damage.
You hit Frances.
Frances is severely wounded.
Frances barely misses you. The ice devil closely misses you.
You closely miss Frances.
Frances is severely wounded.
You block Frances's attack.
You puncture Frances!
Frances is severely wounded.
The ice devil hits you. The ice devil freezes you!!
You closely miss Frances.
Frances is severely wounded.
Frances chants phrases taken from a devil's mouth.
You hit Frances.
Frances is severely wounded.
Frances hits you with a +0 long sword!!
* * * LOW HITPOINT WARNING * * *
The ice devil hits you but does no damage.
You hit Frances.
Frances is severely wounded.
Frances hits you but does no damage.
The red devil hits you from afar with a +0 trident!
* * * LOW HITPOINT WARNING * * *
Barbed spikes become lodged in your body.
The ice devil hits you!
* * * LOW HITPOINT WARNING * * *
The ice devil freezes you!!
You die...

##..#.# ..##.#
##.##.#
#≈.##.######.
##...........#
##≈.#<#####.#.###.#
#≈..#.# #.#4....#
###..>.# #4@3..#
###≈.....# #@#
###≈#..##..#####.#
≈#≈..............#
....#####.########
.#.## #.# ...# #.#
#.## #.# ...# #.#
##.# #.#


You could see Frances (fast), a sun demon (summoned), an ice devil (summoned)
and a red devil (summoned).

Vanquished Creatures
  Snorg (Lair:3)
  A fire dragon (Lair:6)
  5 vault guards (D:13)
  10 hydras
  2 ogre magi (D:13)
  A centaur warrior (D:12)
  A two-headed ogre (D:8)
  18 death yaks
  2 tengu warriors
  A swamp dragon (Lair:6)
  2 lindwurms (Lair:6)
  Pikel (D:4)
  An orc knight (Orc:1)
  2 ugly things
  2 deep elf pyromancers (D:13)
  2 manticores
  3 cyclopes
  2 merfolk sirens (Lair:4)
  7 black mambas
  8 elephants
  An unseen horror (D:11)
  9 cane toads
  5 torpor snails (Lair:6)
  A yaktaur (D:13)
  4 rime drakes
  2 gargoyles (D:13)
  6 komodo dragons
  A polar bear (Lair:5)
  5 trolls
  2 tyrant leeches (Lair:6)
  8 hornets
  16 blink frogs
  3 slime creatures (D:13)
  19 yaks
  2 shadows
  A wyvern (Lair:5)
  A wraith (D:12)
  9 basilisks
  2 steam dragons (Lair:6)
  8 vampire mosquitoes (D:12)
  2 acid dragons
  2 nagas (Lair:2)
  Duvessa (D:4)
  10 water moccasins
  2 swamp drakes (Lair:6)
  2 ice beasts
  5 sky beasts
  8 orc warriors
  4 black bears
  An ogre (D:6)
  A necrophage (D:7)
  34 wolves
  3 centaurs
  2 lemures (D:4)
  2 kobold brigands
  10 bullfrogs
  2 scorpions
  2 gnoll sergeants
  Dowan (D:4)
  12 killer bees (D:11)
  15 wights
  4 howler monkeys
  3 electric eels
  3 jellies
  4 centaur zombies
  3 hounds
  A bullfrog skeleton (D:6)
  10 orc priests
  2 centaur skeletons (D:7)
  7 iguanas
  17 orc wizards
  A hell rat (D:8)
  Ijyb (D:3)
  A howler monkey zombie (D:8)
  5 adders
  11 gnolls
  2 river rats
  A white imp (D:7)
  2 ufetubi
  An adder skeleton (D:4)
  2 worms (D:2)
  2 dart slugs
  44 orcs
  3 endoplasms
  7 giant cockroaches
  7 goblins
  8 hobgoblins
  9 jackals
  16 kobolds
  3 quokkas
  8 ball pythons
  8 bats
  3 frilled lizards
  13 rats
510 creatures vanquished.

Vanquished Creatures (others)
  A komodo dragon (Lair:6)
  A wight (D:8)
  An iguana (Lair:6)
  A river rat (D:8)
  31 fungi
  94 plants
129 creatures vanquished.

Grand Total: 639 creatures vanquished

Notes
Turn   | Place    | Note
-------+----------+-------------------------------------------
     0 | D:1      | Sixotanaka the Merfolk Ice Elementalist began the quest for
                  | the Orb.
     0 | D:1      | Reached XP level 1. HP: 13/13 MP: 3/3
   142 | D:1      | Reached XP level 2. HP: 19/19 MP: 1/5
   240 | D:1      | Reached skill level 5 in Ice Magic
   705 | D:1      | Reached XP level 3. HP: 18/24 MP: 2/6
  1184 | D:1      | Found a faded altar of an unknown god.
  1887 | D:2      | Reached skill level 6 in Ice Magic
  1949 | D:2      | Learned a level 3 spell: Frozen Ramparts
  1976 | D:2      | Reached XP level 4. HP: 30/30 MP: 4/7
  2690 | D:3      | Noticed Ijyb
  2696 | D:3      | Killed Ijyb
  2697 | D:3      | Reached XP level 5. HP: 30/35 MP: 3/8
  2741 | D:3      | Learned a level 3 spell: Ozocubu's Armour
  2934 | D:3      | Reached skill level 7 in Ice Magic
  2988 | D:3      | Found a glowing drain.
  3032 | Sewer    | Entered a sewer
  3166 | Sewer    | Noticed a kobold brigand
  3175 | Sewer    | Killed a kobold brigand
  3176 | Sewer    | Reached skill level 8 in Ice Magic
  3176 | Sewer    | Reached XP level 6. HP: 28/41 MP: 2/9
  3289 | Sewer    | Found a white marble altar of Elyvilon.
  3548 | D:3      | Found a sparkling altar of Nemelex Xobeh.
  4493 | D:4      | Identified the +1 leather armour "Baruiluh" {rC+ rN+ Regen+
                  | Int-4}
  4566 | D:4      | Found Saut's Weapon Emporium.
  4695 | D:4      | Noticed Duvessa
  4695 | D:4      | Noticed Dowan
  4695 | D:4      | Noticed a sky beast
  4740 | D:4      | Noticed a black bear
  5203 | D:4      | Noticed Pikel
  5211 | D:4      | Killed Pikel
  5212 | D:4      | Reached skill level 10 in Ice Magic
  5212 | D:4      | Reached XP level 7. HP: 34/46 MP: 1/10
  5212 | D:4      | Reached XP level 8. HP: 38/52 MP: 1/11
  5388 | D:4      | Noticed Grinder
  5408 | D:4      | Paralysed by Grinder for 5 turns
  5486 | D:4      | Reached skill level 11 in Ice Magic
  5565 | D:4      | Killed Duvessa
  5569 | D:4      | Killed Dowan
  5653 | D:5      | Entered Level 5 of the Dungeon
  5811 | D:4      | Reached skill level 12 in Ice Magic
  6556 | D:6      | Found a staircase to the Ecumenical Temple.
  6586 | D:6      | Reached XP level 9. HP: 51/57 MP: 2/12
  6675 | D:6      | Reached skill level 13 in Ice Magic
  6717 | Temple   | Entered the Ecumenical Temple
  6821 | Temple   | Became a worshipper of Vehumet
  7068 | D:6      | Found Baxall's Antique Weapon Boutique.
  7170 | D:6      | Reached skill level 1 in Polearms
  7170 | D:6      | Reached skill level 1 in Shields
  7889 | D:7      | Reached * piety under Vehumet
  7889 | D:7      | Offered knowledge of Shock by Vehumet.
  8323 | D:7      | Reached skill level 5 in Polearms
  8523 | D:7      | Reached XP level 10. HP: 63/63 MP: 7/13
  8862 | D:8      | Reached skill level 14 in Ice Magic
  9411 | D:8      | Noticed a two-headed ogre
  9421 | D:8      | Killed a two-headed ogre
  9556 | D:8      | Noticed a death yak
  9557 | D:8      | Noticed a death yak
  9684 | D:8      | Found a staircase to the Lair.
  9709 | D:8      | Reached ** piety under Vehumet
  9709 | D:8      | Offered knowledge of Static Discharge by Vehumet.
  9788 | Lair:1   | Entered Level 1 of the Lair of Beasts
  9834 | Lair:1   | Noticed a black mamba
  9850 | Lair:1   | Killed a black mamba
 10267 | Lair:1   | Noticed a black mamba
 10284 | Lair:1   | Killed a black mamba
 10459 | Lair:1   | Learned a level 4 spell: Hailstorm
 10826 | Lair:1   | Noticed a death yak
 10826 | Lair:1   | Noticed a death yak
 10826 | Lair:1   | Noticed a death yak
 10827 | Lair:1   | Noticed a death yak
 10827 | Lair:1   | Noticed a death yak
 11123 | Lair:1   | Killed a death yak
 11124 | Lair:1   | Reached skill level 10 in Polearms
 11124 | Lair:1   | Reached skill level 1 in Conjurations
 11124 | Lair:1   | Reached XP level 11. HP: 68/68 MP: 6/14
 11148 | Lair:1   | Killed a death yak
 11149 | Lair:1   | Reached skill level 15 in Ice Magic
 11158 | Lair:1   | Killed a death yak
 11182 | Lair:1   | Killed a death yak
 11183 | Lair:1   | Reached skill level 5 in Dodging
 11213 | Lair:1   | Killed a death yak
 11408 | Lair:2   | Noticed a four-headed hydra
 11432 | Lair:2   | Killed a four-headed hydra
 11566 | Lair:2   | Offered knowledge of Scorch by Vehumet.
 11680 | Lair:2   | Reached *** piety under Vehumet
 11789 | Lair:2   | Reached skill level 5 in Conjurations
 11927 | Lair:2   | Noticed a seven-headed hydra
 11959 | Lair:2   | Killed a seven-headed hydra
 12098 | Lair:2   | Found a staircase to the Snake Pit.
 12113 | Lair:2   | Reached XP level 12. HP: 68/74 MP: 10/15
 12983 | Lair:3   | Noticed a four-headed hydra
 12991 | Lair:3   | Killed a four-headed hydra
 12991 | Lair:3   | Offered knowledge of Conjure Flame by Vehumet.
 13306 | Lair:3   | Identified the +6 scale mail "Dudu" {rC+ Dex+3}
 13857 | Lair:3   | Noticed Snorg
 13960 | Lair:3   | You fall into a shaft and drop 3 floors!
 13960 | Lair:6   | Entered Level 6 of the Lair of Beasts
 13971 | Lair:6   | Noticed a fire dragon
 14268 | Lair:5   | Reached skill level 10 in Dodging
 14353 | Lair:5   | Reached skill level 1 in Fighting
 15603 | Lair:4   | Noticed a six-headed hydra
 15673 | Lair:4   | Killed a six-headed hydra
 15858 | Lair:4   | Identified 2 scrolls of acquirement
 15867 | Lair:3   | Acquired the +2 pair of boots "Ranippio" {rF+++ rC- Regen+
                  | Stlth+}
 15881 | Lair:3   | Killed Snorg
 15882 | Lair:3   | Reached skill level 5 in Fighting
 15984 | Lair:3   | Acquired the ring of Plog {rF+ Will+ Str+3}
 16052 | Lair:4   | Noticed a five-headed hydra
 16192 | Lair:4   | Killed a five-headed hydra
 16273 | Lair:4   | Reached XP level 13. HP: 93/93 MP: 7/16
 16442 | Lair:4   | Reached **** piety under Vehumet
 16593 | Lair:4   | Found a staircase to the Shoals.
 17016 | Lair:4   | Offered knowledge of Mephitic Cloud by Vehumet.
 17075 | Lair:4   | Learned a level 3 spell: Mephitic Cloud
 17842 | Lair:6   | Found a runed translucent door.
 17843 | Lair:6   | Found a viscous altar of Jiyva.
 17867 | Lair:6   | Reached skill level 10 in Fighting
 17998 | Lair:6   | Noticed an acid blob
 17999 | Lair:6   | Found a staircase to the Slime Pits.
 17999 | Lair:6   | Noticed an acid blob
 18530 | Lair:6   | Reached skill level 1 in Armour
 18698 | Lair:6   | Found a runed translucent door.
 18699 | Lair:6   | Noticed an ice dragon
 18811 | Lair:6   | Paralysed by a hornet for 2 turns
 18816 | Lair:6   | Paralysed by a hornet for 2 turns
 18820 | Lair:6   | Paralysed by a hornet for 2 turns
 18959 | Lair:6   | Reached XP level 14. HP: 113/113 MP: 5/17
 19188 | Lair:6   | Reached ***** piety under Vehumet
 19257 | Lair:6   | Offered knowledge of Conjure Ball Lightning by Vehumet.
 21572 | D:8      | Found Begis's Lightly-Used Armoury.
 22596 | D:10     | Entered Level 10 of the Dungeon
 23010 | D:10     | You fall into a shaft and drop 3 floors!
 23025 | D:13     | Found a runed translucent gate.
 23025 | D:13     | Found a runed translucent gate.
 23025 | D:13     | Found a runed translucent gate.
 24088 | D:11     | Found a staircase to the Orcish Mines.
 24678 | D:12     | Found an ornate altar of the Wu Jian Council.
 24957 | D:12     | Reached skill level 5 in Armour
 25068 | D:12     | Offered knowledge of Starburst by Vehumet.
 25936 | Orc:1    | Entered Level 1 of the Orcish Mines
 26110 | Orc:1    | Noticed an orc warlord
 26563 | D:13     | Reached XP level 15. HP: 56/124 MP: 10/19
 26809 | D:13     | Paralysed by an ogre mage for 3 turns
 27372 | D:13     | Noticed porkupine's ghost (journeyman DrAK)
 27685 | D:13     | Found a gate to the Vaults.
 27951 | D:13     | Reached skill level 5 in Spellcasting
 28336 | D:14     | Noticed Frances
 28357 | D:14     | Slain by an ice devil

Illustrated notes

Levels and vault maps discovered:
D:1:      dpeg_arrival_arbitrary_b, layout_rooms,
          shapermc_ecumenical_altar_petra, minivault_14, nrook_mini_backslash
D:2:      minmay_evil_eye, layout_rooms
D:3:      layout_loops_corners, mainiacjoe_overflow_chevrons,
          portal_sewer_entry_a, uniq_ijyb
D:4:      layout_basic, serial_shops, nicolae_shop_stone, uniq_pikel,
          uniq_grinder, uniq_duvessa
D:5:      layout_loops_cross
D:6:      layout_loops_ring, minmay_temple_entry_glass, serial_shops, shop
D:7:      minmay_angry_zag, layout_rooms
D:8:      layout_loops_cross, dpeg_lair_monsters, minmay_shop_damaged,
          minmay_misc_feat_columns, lemuel_old_faithful
D:9:      layout_loops_ring
D:10:     layout_basic
D:11:     layout_basic, david_orc_3, serial_glass, glass_columns_a,
          glass_columns_c, glass_columns_b, glass_columns_a, glass_columns_b,
          glass_columns_c, glass_columns_a, glass_columns_b
D:12:     layout_irregular_city, nicolae_wu_jian_wuxing_cycle
D:13:     layout_gridville, grunt_vaults_entry_fortified,
          gammafunk_ghost_nasty_kobolds, minmay_misc_feat_four_crosses,
          grunt_ministairs_3
D:14:     layout_loops_ring, gammafunk_ghost_hive, okawaru_trees_2,
          minmay_guarded_unrand_prune, uniq_frances
Temple:   grunt_wide_crystal_templ
Lair:1:   layout_cave_pods, chequers_serial_rivers_small_3,
          nicolae_quartered_pool_little
Lair:2:   layout_roguey, guppyfry_snake_entry_garden,
          grunt_forest_large_clearings
Lair:3:   layout_regular_city, grunt_megastairs_5, uniq_snorg
Lair:4:   layout_long_grid, elwin_shoals_entry_rooms, st_stairs_6,
          minmay_stone_trees_small, grunt_megastairs_1
Lair:5:   layout_regular_city, lemuel_fruit_fields
Lair:6:   wormcave, layout_hall_layers, guppyfry_lair_end_dragon, slime_altar_2,
          serial_bayou_shore_a, lemuel_fruit_fields
Orc:1:    layout_diamond_mine, uniq_maurice

Skill      XL: |  1  2  3  4  5  6  7  8  9 10 11 12 13 14 15 |
---------------+----------------------------------------------+-----
Ice Magic      | 5 6 8 10 12 13 14 15 | 15.0
Polearms       | 5 10 13 14 | 14.0
Shields        | 3 4 |  4.0
Dodging        | 3 5 11 12 | 12.0
Conjurations   | 1 5 6 8 |  8.0
Fighting       | 5 11 13 14 | 14.0
Armour         | 2 5 |  5.0
Spellcasting   | 3 5 |  5.2
Stealth        | |  2.1

Action                   |  1- 3 |  4- 6 |  7- 9 | 10-12 | 13-15 || total
-------------------------+-------+-------+-------+-------+-------++-------
Melee: Unarmed           |     2 |       |       |       |       ||     2
       Club              |     7 |       |       |       |       ||     7
       Short sword       |     2 |    16 |       |       |       ||    18
       Flail             |       |    10 |    58 |    60 |       ||   128
       Dagger            |       |     1 |       |       |       ||     1
       Trident           |       |       |    25 |   379 |   624 ||  1028
       Tailslap          |       |       |       |       |    27 ||    27
 Cast: Freeze            |    67 |    76 |    72 |   226 |   480 ||   921
       Frozen Ramparts   |       |     8 |    34 |    55 |    88 ||   185
       Ozocubu's Armour  |       |     2 |    12 |    36 |    65 ||   115
       Hailstorm         |       |       |       |    10 |    30 ||    40
       Mephitic Cloud    |       |       |       |       |     4 ||     4
  Use: Scroll            |       |     5 |     6 |    12 |    13 ||    36
       Potion            |       |     2 |       |     1 |     5 ||     8
 Stab: Sleeping          |     4 |       |     2 |     2 |     8 ||    16
       Distracted        |       |       |       |       |     7 ||     7
       Confused          |       |       |       |       |     2 ||     2
Armor: Robe              |     7 |    16 |       |       |       ||    23
       Leather armour    |       |    15 |   122 |   154 |   274 ||   565
Dodge: Dodged            |    28 |    68 |   152 |   361 |   738 ||  1347
Block: Buckler           |       |       |       |   102 |   224 ||   326

Table legend: (Time is in decaauts)
 A = Elapsed time spent in this place.
 B = Non-inter-level travel time spent in this place.
 C = Inter-level travel time spent in this place.
 D = Time resting spent in this place.
 E = Time spent auto-exploring this place.
 F = Levels seen in this place.
 G = Mean time per level.
                   A        B        C        D        E       F      G
               +--------+--------+--------+--------+--------+-----+--------+
         Total |  27963 |  27049 |    914 |   9216 |  11676 |  23 | 1215.8 |
       Dungeon |  16008 |  15465 |    543 |   4692 |   7111 |  14 | 1143.4 |
        Temple |    117 |    105 |     12 |      0 |     71 |   1 |  117.0 |
          Lair |  11364 |  11007 |    357 |   4296 |   4359 |   6 | 1894.0 |
  Orcish Mines |    209 |    209 |      0 |     73 |     72 |   1 |  209.0 |
         Sewer |    264 |    264 |      0 |    154 |     63 |   1 |  264.0 |
               +--------+--------+--------+--------+--------+-----+--------+

Top non-repeatable levels by time:
  Lair:6: 3463 daAuts
    D:13: 2032 daAuts
  Lair:2: 1822 daAuts
  Lair:4: 1783 daAuts
  Lair:5: 1624 daAuts
     D:4: 1567 daAuts
  Lair:1: 1556 daAuts
     D:1: 1536 daAuts
    D:12: 1447 daAuts
    D:11: 1443 daAuts
     D:8: 1355 daAuts
     D:3: 1326 daAuts
  Lair:3: 1113 daAuts
     D:2: 1098 daAuts
     D:7: 1071 daAuts
